 Dungeon Crawl Stone Soup version 0.26-a0-651-gb41185065b (webtiles) character file.

Game seed: 1154392657466306992

72 Alarkh the Insei (level 4, 32/32 HPs)
             Began as a Demonspawn Transmuter on Oct 30, 2020.
             Got out of the dungeon alive.
             The game lasted 00:01:36 (1729 turns).

Alarkh the Insei (Demonspawn Transmuter)            Turns: 1729, Time: 00:01:37

Health: 32/32      AC:  2    Str: 10    XL:     4   Next: 7%
Magic:  7/7        EV: 12    Int: 15    God:
Gold:   85         SH:  0    Dex: 14    Spells: 6/7 levels left

rFire    . . .     SeeInvis .     - Unarmed
rCold    . . .     Faith    .   (no shield)
rNeg     + . .     Spirit   .   a - +0 robe
rPois    +         Reflect  .   (no helmet)
rElec    .         Harm     .   (no cloak)
rCorr    .         Rampage  .   (no gloves)
MR       .....                  (no boots)
Stlth    +.........             (no amulet)
HPRegen  0.10/turn              e - ring of poison resistance
MPRegen  0.10/turn              h - ring of positive energy

@: no status effects
A: claws 1, sanguine armour 1
a: no special abilities


You escaped.
You visited 1 branch of the dungeon, and saw 2 of its levels.

You collected 85 gold pieces.

Inventory:

Armour
 a - a +0 robe (worn)
Jewellery
 e - a ring of poison resistance (left claw)
 h - a ring of positive energy (right claw)
 n - a cursed ring of attention {unknown}
Scrolls
 c - a scroll of fear {unknown}
 d - a scroll of amnesia {unknown}
 f - a scroll of blinking {unknown}
 l - a scroll of random uselessness {unknown}
 m - a scroll of magic mapping {unknown}
 r - a scroll of identify
Potions
 b - 2 potions of heal wounds
 g - a potion of curing
 i - a potion of cancellation {unknown}
 j - a potion of ambrosia {unknown}
 k - a potion of stabbing {unknown}


   Skills:
 - Level 1.0 Fighting
 - Level 1.7 Dodging
 + Level 4.5 Unarmed Combat
 - Level 2.0 Spellcasting
 - Level 1.7 Transmutations


You had 6 spell levels left.
You knew the following spells:

 Your Spells              Type           Power        Failure   Level
a - Beastly Appendage     Tmut           #.....       11%         1

Your spell library contained the following spells:

 Spells                   Type           Power        Failure   Level
 Wereblood                Tmut           #.......     16%         2
 Spider Form              Tmut/Pois      #.........   43%         3
 Ice Form                 Ice/Tmut       #.......     83%         4
 Blade Hands              Tmut           #.........   96%         5


Dungeon Overview and Level Annotations

Branches:
Dungeon (2/15)

Altars:


Innate Abilities, Weirdness & Mutations

You have sharp fingernails.
When seriously injured, your bleeding wounds create armour. (AC +0)


Message History

No target in view!
No target in view!
No target in view!
No target in view!
No target in view!
No target in view!
No target in view!
No target in view!
There is an escape hatch in the ceiling here.
A mysterious force pulls you upwards. The hatch slams shut behind you.
You see here a jackal skeleton.
You see here a +0 club.
HP restored.
You see here a buckler.
There is an open door here.
There is a stone staircase leading down here.
There is an open gate here.
There is a staircase leading out of the dungeon here.
Are you sure you want to leave the Dungeon?
This will make you lose the game!
You have escaped!

#.#
##.#########
...........##
##########..#
##.# #.######
#.#8.#.#
#.#'#..#
#..'#.@#
###'#..#
#8.#.# ######


There were no monsters in sight!

Vanquished Creatures
  2 adders (D:2)
  2 worms (D:2)
  A dart slug (D:1)
  A leopard gecko (D:1)
  4 bats (D:1)
  3 giant cockroaches (D:1)
  7 goblins
  A hobgoblin (D:1)
  4 jackals (D:1)
  4 kobolds
  A quokka (D:2)
  7 frilled lizards
  9 rats
46 creatures vanquished.

Notes
Turn   | Place    | Note
-------+----------+-------------------------------------------
     0 | D:1      | Alarkh the Demonspawn Transmuter began the quest for the
                  | Orb.
     0 | D:1      | Reached XP level 1. HP: 15/15 MP: 3/3
   106 | D:1      | Reached skill level 3 in Unarmed Combat
   145 | D:1      | Gained mutation: You have sharp fingernails. [demonic
                  | ancestry]
   145 | D:1      | Reached XP level 2. HP: 14/21 MP: 5/5
   666 | D:1      | Reached XP level 3. HP: 21/26 MP: 6/6
   869 | D:1      | Reached skill level 4 in Unarmed Combat
  1557 | D:2      | Gained mutation: When seriously injured, your bleeding
                  | wounds create armour. (AC +0) [demonic ancestry]
  1557 | D:2      | Reached XP level 4. HP: 20/32 MP: 7/7
  1729 | D:$      | Got out of the dungeon alive.

Illustrated notes

Levels and vault maps discovered:
D:1:      saegor_arrival_simple_c, layout_basic
D:2:      layout_basic

Skill      XL: |  1  2  3 |
---------------+----------+-----
Unarmed Combat | 3 4 |  4.5
Fighting       | |  1.0
Dodging        | |  1.7
Spellcasting   | |  2.0
Transmutations | |  1.7

Action                   |  1- 3 |  4- 6 || total
-------------------------+-------+-------++-------
Melee: Unarmed           |   164 |     1 ||   165
  Use: Scroll            |     2 |       ||     2
 Stab: Sleeping          |     1 |       ||     1
Armor: Robe              |    40 |       ||    40
Dodge: Dodged            |   124 |     1 ||   125

Table legend: (Time is in decaauts)
 A = Elapsed time spent in this place.
 B = Non-inter-level travel time spent in this place.
 C = Inter-level travel time spent in this place.
 D = Time resting spent in this place.
 E = Time spent auto-exploring this place.
 F = Levels seen in this place.
 G = Mean time per level.
                   A        B        C        D        E       F      G
               +--------+--------+--------+--------+--------+-----+--------+
         Total |   1719 |   1579 |    140 |    540 |    731 |   2 |  859.5 |
       Dungeon |   1719 |   1579 |    140 |    540 |    731 |   2 |  859.5 |
               +--------+--------+--------+--------+--------+-----+--------+

Top non-repeatable levels by time:
     D:1: 1156 daAuts
     D:2: 563 daAuts
